 Dungeon Crawl Stone Soup version 0.21.0-30-g47ce8e4 (webtiles) character file.

34 tidbits the Sneak (level 3, -2/25 HPs)
             Began as a Gnoll Enchanter on Jan 29, 2018.
             Slain by a hound (6 damage)
             ... on level 4 of the Dungeon.
             The game lasted 00:03:14 (292 turns).

tidbits the Sneak (Gnoll Enchanter)                  Turns: 292, Time: 00:03:15

Health: -2/25      AC:  2    Str: 15    XL:     3   Next: 31%
Magic:  2/9        EV: 14    Int: 18    God:
Gold:   33         SH:  0    Dex: 15    Spells: 3/12 levels left

rFire    . . .     SeeInvis .   a - +1 dagger
rCold    . . .     Gourm    .   (no shield)
rNeg     . . .     Faith    +   b - +0 robe
rPois    .         Spirit   .   (no helmet)
rElec    .         Reflect  .   (no cloak)
rCorr    .         Harm     .   (no gloves)
MR       .....                  (no boots)
Stlth    +++.......             j - amulet of faith
HPRegen  0.08/turn              (no ring)
MPRegen  0.11/turn              (no ring)

@: mighty
A: distributed training, fangs 1, strong nose
a: no special abilities


You were on level 4 of the Dungeon.
You were not hungry.

You visited 1 branch of the dungeon, and saw 4 of its levels.

You collected 33 gold pieces.

Inventory:

Hand Weapons
 a - a +1 dagger (weapon)
Armour
 b - a +0 robe (worn)
 e - a +0 ring mail
Jewellery
 j - an amulet of faith (around neck)
   (You found it on level 3 of the Dungeon)
Scrolls
 f - a scroll of immolation {unknown}
 k - a scroll of enchant armour {unknown}
Potions
 h - a potion of haste {unknown}
 i - a potion of curing {unknown}
 l - a potion of flight {unknown}
Books
 c - a book of Maledictions

   Spells                             Type                      Level
   a - Corona                         Hexes                        1
   b - Ensorcelled Hibernation        Hexes/Ice                    2
   c - Confuse                        Hexes                        3
   d - Tukima's Dance                 Hexes                        3
   e - Dazzling Spray                 Conjuration/Hexes            3
Comestibles
 d - 2 rations


   Skills:
 + Level 0.7 Fighting
 + Level 2.6 Short Blades
 + Level 0.7 Long Blades
 + Level 0.7 Axes
 + Level 0.7 Maces & Flails
 + Level 0.7 Polearms
 + Level 0.7 Staves
 + Level 0.7 Slings
 + Level 0.7 Bows
 + Level 0.7 Crossbows
 + Level 0.7 Throwing
 + Level 0.7 Armour
 + Level 4.5 Dodging
 + Level 6.0 Stealth
 + Level 0.7 Shields
 + Level 0.7 Unarmed Combat
 + Level 5.0 Spellcasting
 + Level 0.5 Conjurations
 + Level 5.4 Hexes
 + Level 0.5 Charms
 + Level 0.5 Summonings
 + Level 0.5 Necromancy
 + Level 0.5 Translocations
 + Level 0.5 Transmutations
 + Level 0.5 Fire Magic
 + Level 0.5 Ice Magic
 + Level 0.5 Air Magic
 + Level 0.5 Earth Magic
 + Level 0.5 Poison Magic
 + Level 0.9 Invocations
 + Level 0.7 Evocations


You had 3 spell levels left.
You knew the following spells:

 Your Spells              Type           Power        Failure   Level  Hunger
a - Corona                Hex            ###....      1%          1    None
c - Confuse               Hex            ###.....     4%          3    ##.....
d - Dazzling Spray        Conj/Hex       ###...       12%         3    ##.....
e - Ensorcelled Hibernat  Hex/Ice        ###...       6%          2    #......


Dungeon Overview and Level Annotations

Branches:
Dungeon (4/15)
 Temple: D:4-7

Altars:
Okawaru

Annotations:
D:4 Blork the orc


Innate Abilities, Weirdness & Mutations

Your experience applies equally to all skills.
You have very sharp teeth.
Your uncanny sense of smell can sniff out nearby items.


Message History

The helpless giant cockroach fails to defend itself.
You impale the giant cockroach!!
You kill the giant cockroach!
You see here a giant cockroach corpse.
Found a hand axe.
Found a stone staircase leading down.
A goblin comes into view.
The goblin shouts!
You see here a hand axe.
You hit the goblin.
The goblin is heavily wounded.
The goblin hits you.
* * * LOW HITPOINT WARNING * * *
Casting: Ensorcelled Hibernation
Confirm with . or Enter, or press ? or * to list all spells.
Aiming: Ensorcelled Hibernation
Press: ? - help, Shift-Dir - straight line, f - goblin
Aim: a goblin (heavily wounded, chance to defeat MR: 63%)
The goblin looks drowsy...
The helpless goblin fails to defend itself.
You impale the goblin!!
You kill the goblin!
There is a stone staircase leading down here.
You climb downwards.
Found a scroll labeled UXZYZUFEOG.
There is a stone staircase leading up here.
Unknown command.
Found 20 poisoned needles.
Found a triangular golden amulet.
You see here a triangular golden amulet.
j - a triangular golden amulet Put on which piece of jewellery? (? for menu, Esc to quit)
You feel a strange surge of divine interest.
j - an amulet of faith (around neck)
Found a fizzy purple potion.
You see here a scroll labeled UXZYZUFEOG.
k - a scroll labeled UXZYZUFEOG
Found a dagger.
You see here a fizzy purple potion.
l - a fizzy purple potion
Found 5 gold pieces.
You open the door.
A worm comes into view.
There is an open door here.
The helpless worm fails to defend itself.
You impale the worm!!
You kill the worm!
Your Stealth skill increases to level 6!
An orc comes into view.
The orc moves out of view.
You see here 5 gold pieces.
You now have 33 gold pieces (gained 5).
A frilled lizard comes into view.
The frilled lizard hisses angrily.
You hear a shout!
Found a stone staircase leading down.
Found a dagger.
Found 7 bolts.
Found a leather armour.
Found a ration.
There is a stone staircase leading down here.
You climb downwards.
A hound and Blork the orc come into view.
Found four items.
There is a stone staircase leading up here.
Casting: Ensorcelled Hibernation
Confirm with . or Enter, or press ? or * to list all spells.
Aiming: Confuse
Press: ? - help, Shift-Dir - straight line, f - Blork the orc
Aim: Blork the orc, wielding a mace and wearing a robe (resting, chance to defeat MR: 53%) Blork the orc resists with significant effort.
The hound barks!
Casting: Confuse
Confirm with . or Enter, or press ? or * to list all spells.
Aiming: Confuse
Press: ? - help, Shift-Dir - straight line, f/p - Blork the orc
Aim: Blork the orc, wielding a mace and wearing a robe (chance to defeat MR: 53%) Blork the orc appears confused.
The hound barely misses you.
Casting: Confuse
Confirm with . or Enter, or press ? or * to list all spells.
Aiming: Ensorcelled Hibernation
Press: ? - help, Shift-Dir - straight line, f/p - Blork the orc
Aim: Blork the orc, wielding a mace and wearing a robe (confused, chance to defeat MR: 46%) Blork the orc looks drowsy...
The hound bites you but does no damage. The hound bites you.
* * * LOW HITPOINT WARNING * * *
The hound bites you.
* * * LOW HITPOINT WARNING * * *
Blork the orc shouts!
Blork the orc hits you with a mace.
* * * LOW HITPOINT WARNING * * *
You hit Blork the orc.
You bite Blork the orc, but do no damage.
Blork the orc is lightly wounded.
The hound completely misses you.
Blork the orc cries.
The hound completely misses you.
A worker ant comes into view.
It was a potion of might.
You feel very mighty all of a sudden. The hound bites you.
You die...

.. . #......#
... #.#.)....#
#..#.#......###
#...[........#
##...<.......#
#..?.........#
#..#...?......#
#..
#..........# .
#.....h@...#
#.......o.....#
#..........####
##########a# .#
# ∆


You could see Blork the orc (confused), a hound and a worker ant.

Vanquished Creatures
  An adder (D:2)
  An ooze (D:1)
  2 worms
  A dart slug (D:2)
  A giant cockroach (D:2)
  5 goblins
  A hobgoblin (D:2)
  A rat (D:2)
13 creatures vanquished.

Notes
Turn   | Place    | Note
-------+----------+-------------------------------------------
     0 | D:1      | tidbits the Gnoll Enchanter began the quest for the Orb.
     0 | D:1      | Reached XP level 1. HP: 13/13 MP: 6/6
    29 | D:1      | Found an iron altar of Okawaru.
    65 | D:2      | Reached XP level 2. HP: 11/19 MP: 5/7
    73 | D:2      | Learned a level 2 spell: Ensorcelled Hibernation
   175 | D:2      | Reached XP level 3. HP: 7/25 MP: 2/9
   180 | D:2      | Learned a level 3 spell: Confuse
   184 | D:2      | Learned a level 3 spell: Dazzling Spray
   193 | D:2      | Reached skill level 5 in Spellcasting
   250 | D:3      | Reached skill level 6 in Stealth
   283 | D:4      | Noticed Blork the orc
   292 | D:4      | Slain by a hound

Skill      XL: |  1  2  3 |
---------------+----------+-----
Spellcasting   | 5 |  5.0
Stealth        | 6 |  6.0
Fighting       | |  0.7
Short Blades   | |  2.6
Long Blades    | |  0.7
Axes           | |  0.7
Maces & Flails | |  0.7
Polearms       | |  0.7
Staves         | |  0.7
Slings         | |  0.7
Bows           | |  0.7
Crossbows      | |  0.7
Throwing       | |  0.7
Armour         | |  0.7
Dodging        | |  4.5
Shields        | |  0.7
Unarmed Combat | |  0.7
Conjurations   | |  0.5
Hexes          | |  5.4
Charms         | |  0.5
Summonings     | |  0.5
Necromancy     | |  0.5
Translocations | |  0.5
Transmutations | |  0.5
Fire Magic     | |  0.5
Ice Magic      | |  0.5
Air Magic      | |  0.5
Earth Magic    | |  0.5
Poison Magic   | |  0.5
Invocations    | |  0.9
Evocations     | |  0.7

Action                   || total
-------------------------++-------
Melee: Dagger            ||    22
       Bite              ||     4
 Cast: Corona            ||     2
       Ensorcelled Hiber ||     8
       Confuse           ||     2
  Use: Potion            ||     1
 Stab: Sleeping          ||    11
Armor: Robe              ||     3
Dodge: Dodged            ||     9

Table legend:
 A = Turns spent in this place as a percentage of turns spent in the entire game.
 B = Non-inter-level travel turns spent in this place as a percentage of non-inter-level travel turns spent in the entire game.
 C = Inter-level travel turns spent in this place as a percentage of turns spent in this place.
 D = Turns resting spent in this place as a percentage of non-inter-level travel turns spent in this place.
 E = Turns spent auto-exploring this place as a percentage of non-inter-level travel turns spent in this place.
 F = Non-inter-level travel turns spent in this place divided by the number of levels of this place that you've seen.
                   A       B       C       D       E      F
               +-------+-------+-------+-------+-------+----------------------
         Total | 100.0 | 100.0 |   0.0 |   0.0 |   0.0 |  73.0
       Dungeon | 100.0 | 100.0 |   0.0 |   0.0 |   0.0 |  73.0
               +-------+-------+-------+-------+-------+----------------------

Table legend:
 A = Kills in this place as a percentage of kills in entire the game.
 B = Kills by you in this place as a percentage of kills by you in the entire game.
 C = Kills by friends in this place as a percentage of kills by friends in the entire game.
 D = Other kills in this place as a percentage of other kills in the entire game.
 E = Experience gained in this place as a percentage of experience gained in the entire game.
 F = Experience gained in this place divided by the number of levels of this place that you have seen.
                   A       B       C       D       E      F
               +-------+-------+-------+-------+-------+----------------------
         Total | 100.0 | 100.0 |   N/A |   N/A | 100.0 |  12.2
       Dungeon | 100.0 | 100.0 |   N/A |   N/A | 100.0 |  12.2
               +-------+-------+-------+-------+-------+----------------------

Vault maps used:
D:1:      dpeg_arrival_brainrot, wad_floor_pattern_1, okawaru_ov_weapons_minmay
D:2:      first_ration, minmay_fountain_box
D:3:      wad_woods_stonehenge, nicolae_overflow_crystal_walls
D:4:      xom_butterflies, hangedman_abyss_or_decor_stabs,
          minmay_hollow_rounded_squares, uniq_blork_the_orc, uniq_grinder
